Blue Jackets vs Blues

Created - 28 octobre 2017 at 15:55

Goals
1 2 3 T
Blue Jackets 1 0 1 2
Blues 2 0 2 4
Shots
1 2 3 T
Blue Jackets 15 10 6 31
Blues 11 9 17 37

1st period

1. Blue Jackets , Corey Locke 4 (Dennis Wideman 8, Derek Dorsett 4) at 4:42
2. Blues , Patric Hornqvist 6 (Ryan Getzlaf 7) at 10:35 (PP)
3. Blues , Oliver Setzinger 1 (Sidney Crosby 6) at 13:59

Penalties :
Jarome Iginla (CBJ) for Boarding (Minor) at 5:15, Trevor Daley (STL) for Holding (Minor) at 8:13, Doug Janik (CBJ) for Tripping (Minor) at 10:16, Oliver Setzinger (STL) for Roughing (Minor) at 16:43

2nd period

No Goal

Penalties :
Tomas Kopecky (CBJ) for Interference (Minor) at 3:17, Matt Read (CBJ) for Hooking (Minor) at 9:04, Tobias Rieder (STL) for Fighting (Major) at 14:55, Damien Brunner (CBJ) for Fighting (Major) at 14:55, Oliver Setzinger (STL) for Fighting (Major) at 14:55, Alex Galchenyuk (CBJ) for Fighting (Major) at 14:55, Sidney Crosby (STL) for Roughing (Minor) at 14:55, Trevor Daley (STL) for High sticking (Minor) at 14:55, Andre Benoit (CBJ) for Roughing (Minor) at 14:55, Carlo Colaiacovo (CBJ) for Cross-checking (Minor) at 14:55, Oscar Klefbom (STL) for Tripping (Minor) at 14:55, Evander Kane (CBJ) for Roughing (Minor) at 18:58, Rick Nash (CBJ) for Holding (Minor) at 19:44

3rd period

4. Blues , Patric Hornqvist 7 (Ryan Getzlaf 8, Martin Marincin 2) at 3:22
5. Blues , Sidney Crosby 7 (Oliver Setzinger 2, Tobias Rieder 3) at 11:02
6. Blue Jackets , Derek Dorsett 5 (Carlo Colaiacovo 3) at 15:47

Penalties :
Carlo Colaiacovo (CBJ) for Goalie Interference (Minor) at 6:47

Goalie Stats

Gerald Coleman (CBJ), 33 saves from 37 shots - (0,892), L, 2-2-0, 60:00 minutes
Jason Bacashihua (STL), 29 saves from 31 shots - (0,935), W, 4-1-0, 60:00 minutes

Players Stats for Blue Jackets

Player Name              G  A  P  +/- PIM S  H  SB GA TA FO     MP     PP MP  PK MP  
------------------------------------------------------------------------------------
Alex Galchenyuk          0  0  0   0  5   1  0  0  0  0  0/0     4:53   0:00   0:00 
Andre Benoit             0  0  0   0  2   1  3  1  0  0  0/0    21:07   1:54   5:05 
Carlo Colaiacovo         0  1  1   0  4   0  2  1  0  0  0/0    19:48   1:54   3:47 
Corey Locke              1  0  1   0  0   1  1  0  0  0  0/1    21:01   2:21   5:32 
Damien Brunner           0  0  0   0  5   1  0  1  0  0  1/4     4:53   0:00   0:00 
Dennis Wideman           0  1  1  -1  0   1  1  3  0  0  0/0    25:49   2:04   5:17 
Derek Dorsett            1  1  2   0  0   2  3  0  0  0  1/3    15:29   2:21   0:00 
Doug Janik               0  0  0   0  2   1  1  1  0  0  0/0    14:20   0:00   1:10 
Evander Kane             0  0  0   0  2   2  4  0  0  0  10/24  18:36   2:21   2:47 
Jake Gardiner            0  0  0   0  0   1  0  0  0  0  0/0    13:11   0:00   0:00 
James Wisniewski         0  0  0  -1  0   0  3  1  0  0  0/0    25:41   2:04   5:09 
Jarome Iginla            0  0  0   0  2   6  0  2  0  0  6/15   22:10   1:37   4:51 
Lukas Kaspar             0  0  0  -1  0   2  1  0  0  0  2/5    13:41   1:37   0:00 
Matt Read                0  0  0  -1  2   1  0  0  0  0  5/12   12:49   0:00   1:14 
Nick Bjugstad            0  0  0   0  0   1  2  0  0  0  0/0     5:53   0:00   0:00 
Rick Nash                0  0  0   0  2   6  1  0  0  0  6/7    18:55   1:37   2:41 
Scott Sabourin           0  0  0   0  0   0  0  0  0  0  3/15   14:11   0:00   0:00 
Tomas Kopecky            0  0  0  -1  2   4  0  0  0  0  1/5    14:06   0:00   2:20 

Players Stats for Blues

Player Name              G  A  P  +/- PIM S  H  SB GA TA FO     MP     PP MP  PK MP  
------------------------------------------------------------------------------------
Anders Lee               0  0  0  -1  0   3  2  0  0  0  1/1     9:43   5:11   0:00 
Chad LaRose              0  0  0  -1  0   0  0  0  0  0  1/1     5:52   0:00   0:09 
Frans Nielsen            0  0  0   0  0   1  3  0  0  0  9/13   14:31   0:00   2:33 
Jacob Josefson           0  0  0  -1  0   0  0  0  0  0  1/5     4:32   0:00   0:00 
Keith Yandle             0  0  0  -1  0   0  0  0  0  0  0/0    18:51   4:31   2:24 
Martin Erat              0  0  0   1  0   3  0  0  0  0  1/1    20:18   5:03   0:00 
Martin Marincin          0  1  1   1  0   3  0  0  0  0  0/0    23:16   5:43   2:54 
Matt D'Agostini          0  0  0   0  0   0  1  0  0  0  2/4    18:08   4:39   2:14 
Michal Birner            0  0  0   0  0   1  0  1  0  0  1/1    11:15   0:00   0:00 
Mike Weber               0  0  0   1  0   1  2  1  0  0  0/0    20:45   5:43   0:23 
Nate Guenin              0  0  0  -1  0   0  1  0  0  0  0/0    15:33   0:00   3:37 
Oliver Setzinger         1  1  2   1  7   2  4  0  0  0  0/0    12:45   0:00   0:00 
Oscar Klefbom            0  0  0   1  2   0  1  1  0  0  0/0    18:51   0:00   1:38 
Patric Hornqvist         2  0  2   1  0   6  0  0  0  0  1/5    22:00   5:03   2:53 
Ryan Getzlaf             0  2  2   1  0   6  3  1  0  0  21/26  19:07   5:03   0:00 
Sidney Crosby            1  1  2   1  2   8  2  0  0  0  17/33  20:31   5:11   2:06 
Tobias Rieder            0  1  1   1  5   0  0  0  0  0  1/1    13:18   0:32   0:00 
Trevor Daley             0  0  0   1  4   3  0  1  0  0  0/0    22:41   4:31   0:58 

3 Stars

1 - Patric Hornqvist (STL)
2 - Ryan Getzlaf (STL)
3 - Sidney Crosby (STL)

Power Play

Blue Jackets - 0 on 3 Attempt(s) - 0,00%
Blues - 1 on 7 Attempt(s) - 14,29%

Penalty Kill

Blue Jackets - 6 on 7 Attempt(s) - 85,71% - Score 0 goal in Penalty Kill
Blues - 3 on 3 Attempt(s) - 100,00% - Score 0 goal in Penalty Kill

Team Stat

Blue Jackets - Hits : 22 - Faceoff Wins : 35 - Blocked Shots : 10 - Penalty Minutes : 28
Blues - Hits : 19 - Faceoff Wins : 56 - Blocked Shots : 5 - Penalty Minutes : 20

Official

Referees : Dean Morton and Francis Charron
Linesman : Matt MacPherson and Alexander Ledovskiy

Game Notes

General Fight at 14:55 of 2nd period
Tobias Rieder beats up Damien Brunner at 14:55 of 2nd period
Oliver Setzinger and Alex Galchenyuk fight to a draw at 14:55 of 2nd period

Finance

Level 1 -- Attendance: 6000 (100,00%) -- Ticket Income 660 000 $
Level 2 -- Attendance: 5000 (100,00%) -- Ticket Income 375 000 $
Level 3 -- Attendance: 2000 (100,00%) -- Ticket Income 80 000 $
Level 4 -- Attendance: 4000 (100,00%) -- Ticket Income 80 000 $
Luxury Box -- Attendance: 1356 (60,00%) -- Ticket Income 474 600 $
Game was played at the Scottrade Center.
Total Attendance: 18356 (95,31%)
Total Ticket Income: 1 669 600 $
Other Income: 818 104 $
Total Income: 2 487 704 $

Blue Jackets

5 vs 5 Forward 
   Center                   Left Wing                Right Wing               Time % Phy DF OF 
 1 Scott Sabourin           Rick Nash                Jarome Iginla            40     1   2  2  
 2 Evander Kane             Corey Locke              Derek Dorsett            30     1   2  2  
 3 Matt Read                Lukas Kaspar             Tomas Kopecky            20     1   2  2  
 4 Damien Brunner           Alex Galchenyuk          Nick Bjugstad            10     1   2  2  

5 vs 5 Defense 
   Defense                  Defense                                           Time % Phy DF OF 
 1 Dennis Wideman           James Wisniewski                                  40     1   2  2  
 2 Carlo Colaiacovo         Andre Benoit                                      30     1   2  2  
 3 Jake Gardiner            Doug Janik                                        20     1   2  2  
 4 Dennis Wideman           James Wisniewski                                  10     1   2  2  

PowerPlay Forward 
   Center                   Left Wing                Right Wing               Time % Phy DF OF 
 1 Lukas Kaspar             Rick Nash                Jarome Iginla            60     1   2  2  
 2 Evander Kane             Corey Locke              Derek Dorsett            40     1   2  2  

PowerPlay Defense
   Defense                  Defense                                           Time % Phy DF OF 
 1 Dennis Wideman           James Wisniewski                                  60     1   2  2  
 2 Carlo Colaiacovo         Andre Benoit                                      40     1   2  2  

Penalty Kill 4 Players Forward 
   Center                   Wing                     Time % Phy DF OF 
 1 Jarome Iginla            Corey Locke              60     1   2  2  
 2 Rick Nash                Evander Kane             40     1   2  2  

Penalty Kill 4 Players Defense
   Defense                  Defense                  Time % Phy DF OF 
 1 Dennis Wideman           James Wisniewski         60     1   2  2  
 2 Carlo Colaiacovo         Andre Benoit             40     1   2  2  

Penalty Kill - 3 Players Forward 
   Forward                                           Time % Phy DF OF 
 1 Jarome Iginla                                     60     1   2  2  
 2 Rick Nash                                         40     1   2  2  

Penalty Kill - 3 Players Defense
   Defense                  Defense                  Time % Phy DF OF 
 1 Dennis Wideman           James Wisniewski         60     1   2  2  
 2 Carlo Colaiacovo         Andre Benoit             40     1   2  2  

4 vs 4 Forward 
   Center                   Wing                     Time % Phy DF OF 
 1 Jarome Iginla            Tomas Kopecky            60     1   2  2  
 2 Rick Nash                Evander Kane             40     1   2  2  

4 vs 4 Defense
   Defense                  Defense                  Time % Phy DF OF 
 1 Dennis Wideman           James Wisniewski         60     1   2  2  
 2 Carlo Colaiacovo         Andre Benoit             40     1   2  2  

Last Minutes Offensive
   Center                   Left Wing                Right Wing               Defense                  Defense                  
   Scott Sabourin           Rick Nash                Jarome Iginla            Dennis Wideman           James Wisniewski         

Last Minutes Defensive
   Center                   Left Wing                Right Wing               Defense                  Defense                  
   Scott Sabourin           Rick Nash                Jarome Iginla            Dennis Wideman           James Wisniewski         

Goaltenders
Starting : Gerald Coleman           
Backup : Steve Mason              

Extra Forwards
Normal : Lukas Kaspar, Matt Read, Tomas Kopecky - PP : Lukas Kaspar, Matt Read - PK : Tomas Kopecky
Extra Defensemen
Normal : Jake Gardiner, Doug Janik, Carlo Colaiacovo - PP : Jake Gardiner - PK : Doug Janik, Carlo Colaiacovo
Penalty Shots
Jarome Iginla, Matt Read, Rick Nash, Evander Kane, Corey Locke
Custom OT Lines Forwards
Jarome Iginla, Scott Sabourin, Rick Nash, Evander Kane, Corey Locke, Derek Dorsett, Lukas Kaspar, Matt Read, Tomas Kopecky, Damien Brunner
Custom OT Lines Defensemen
Dennis Wideman, James Wisniewski, Carlo Colaiacovo, Andre Benoit, Jake Gardiner

Scratches
Eric Staal (Left Foot Injury)

Blues

5 vs 5 Forward 
   Center                   Left Wing                Right Wing               Time % Phy DF OF 
 1 Ryan Getzlaf             Martin Erat              Patric Hornqvist         35     0   2  3  
 2 Sidney Crosby            Oliver Setzinger         Tobias Rieder            34     0   2  3  
 3 Frans Nielsen            Michal Birner            Matt D'Agostini          25     0   2  3  
 4 Jacob Josefson           Anders Lee               Chad LaRose              6      1   3  1  

5 vs 5 Defense 
   Defense                  Defense                                           Time % Phy DF OF 
 1 Oscar Klefbom            Trevor Daley                                      35     0   3  2  
 2 Martin Marincin          Mike Weber                                        33     0   3  2  
 3 Keith Yandle             Nate Guenin                                       26     0   3  2  
 4 Oscar Klefbom            Trevor Daley                                      6      0   3  2  

PowerPlay Forward 
   Center                   Left Wing                Right Wing               Time % Phy DF OF 
 1 Sidney Crosby            Anders Lee               Matt D'Agostini          50     0   1  4  
 2 Ryan Getzlaf             Martin Erat              Patric Hornqvist         50     0   1  4  

PowerPlay Defense
   Defense                  Defense                                           Time % Phy DF OF 
 1 Trevor Daley             Keith Yandle                                      60     0   2  3  
 2 Martin Marincin          Mike Weber                                        40     0   2  3  

Penalty Kill 4 Players Forward 
   Center                   Wing                     Time % Phy DF OF 
 1 Sidney Crosby            Patric Hornqvist         60     0   4  1  
 2 Frans Nielsen            Matt D'Agostini          40     0   4  1  

Penalty Kill 4 Players Defense
   Defense                  Defense                  Time % Phy DF OF 
 1 Nate Guenin              Trevor Daley             60     0   3  2  
 2 Martin Marincin          Oscar Klefbom            40     0   3  2  

Penalty Kill - 3 Players Forward 
   Forward                                           Time % Phy DF OF 
 1 Matt D'Agostini                                   60     0   3  2  
 2 Frans Nielsen                                     40     0   3  2  

Penalty Kill - 3 Players Defense
   Defense                  Defense                  Time % Phy DF OF 
 1 Martin Marincin          Trevor Daley             60     0   3  2  
 2 Nate Guenin              Oscar Klefbom            40     0   3  2  

4 vs 4 Forward 
   Center                   Wing                     Time % Phy DF OF 
 1 Sidney Crosby            Patric Hornqvist         60     0   2  3  
 2 Frans Nielsen            Anders Lee               40     0   2  3  

4 vs 4 Defense
   Defense                  Defense                  Time % Phy DF OF 
 1 Trevor Daley             Keith Yandle             60     1   2  2  
 2 Martin Marincin          Oscar Klefbom            40     1   2  2  

Last Minutes Offensive
   Center                   Left Wing                Right Wing               Defense                  Defense                  
   Ryan Getzlaf             Michal Birner            Patric Hornqvist         Mike Weber               Trevor Daley             

Last Minutes Defensive
   Center                   Left Wing                Right Wing               Defense                  Defense                  
   Frans Nielsen            Matt D'Agostini          Patric Hornqvist         Trevor Daley             Nate Guenin              

Goaltenders
Starting : Jason Bacashihua         
Backup : Simeon Varlamov          

Extra Forwards
Normal : Matt D'Agostini, Oliver Setzinger, Tobias Rieder - PP : Matt D'Agostini, Tobias Rieder - PK : Patric Hornqvist
Extra Defensemen
Normal : Nate Guenin, Mike Weber, Trevor Daley - PP : Oscar Klefbom - PK : Martin Marincin, Trevor Daley
Penalty Shots
Ryan Getzlaf, Frans Nielsen, Patric Hornqvist, Martin Erat, Michal Birner
Custom OT Lines Forwards
Ryan Getzlaf, Patric Hornqvist, Tobias Rieder, Sidney Crosby, Matt D'Agostini, Frans Nielsen, Jacob Josefson, Chad LaRose, Oliver Setzinger, Anders Lee
Custom OT Lines Defensemen
Trevor Daley, Mike Weber, Martin Marincin, Oscar Klefbom, Nate Guenin

Scratches
David Savard (Torn Left Knee Ligaments Injury)

% Time on Ice - Blue Jackets

Lines # - Real PCT - Wanted PCT - Time Play
Normal Forward
1 - 32% - 40% - 14:11
2 - 30% - 30% - 13:08
3 - 24% - 20% - 10:37
4 - 13% - 10% - 5:53
Normal Defense
1 - 38% - 40% - 16:39
2 - 32% - 30% - 14:09
3 - 28% - 20% - 12:15
4 - 2% - 10% - 0:46
PP Forward
1 - 41% - 60% - 1:37
2 - 59% - 40% - 2:21
PP Defense
1 - 52% - 60% - 2:04
2 - 48% - 40% - 1:54
PK Forward
1 - 70% - 60% - 6:24
2 - 30% - 40% - 2:47
PK Defense
1 - 50% - 60% - 4:35
2 - 50% - 40% - 4:36
PK3 Forward
1 - 81% - 60% - 0:51
2 - 19% - 40% - 0:12
PK3 Defense
1 - 54% - 60% - 0:34
2 - 46% - 40% - 0:29
44 Forward
1 - 77% - 60% - 1:32
2 - 23% - 40% - 0:27
44 Defense
1 - 23% - 60% - 0:27
2 - 77% - 40% - 1:32
Last Minute Offensive  - 0:00
Last Minute Defensive  - 0:00
Total
Forward - 60:00
Defense - 60:00

% Time on Ice - Blues

Lines # - Real PCT - Wanted PCT - Time Play
Normal Forward
1 - 32% - 35% - 14:04
2 - 32% - 34% - 13:58
3 - 26% - 25% - 11:15
4 - 10% - 6% - 4:32
Normal Defense
1 - 38% - 35% - 16:36
2 - 33% - 33% - 14:39
3 - 27% - 26% - 11:56
4 - 1% - 6% - 0:38
PP Forward
1 - 51% - 50% - 5:11
2 - 49% - 50% - 5:03
PP Defense
1 - 44% - 60% - 4:31
2 - 56% - 40% - 5:43
PK Forward
1 - 70% - 60% - 2:46
2 - 30% - 40% - 1:12
PK Defense
1 - 59% - 60% - 2:20
2 - 41% - 40% - 1:38
PK3 Forward
1 - 66% - 60% - 1:18
2 - 34% - 40% - 0:41
PK3 Defense
1 - 35% - 60% - 0:42
2 - 65% - 40% - 1:17
44 Forward
1 - 0% - 60%
2 - 0% - 40%
44 Defense
1 - 0% - 60%
2 - 0% - 40%
Last Minute Offensive  - 0:00
Last Minute Defensive  - 0:00
Total
Forward - 60:00
Defense - 60:00

Play by Play

1st period


0:01 of 1st period - Jarome Iginla wins face-off versus Patric Hornqvist in neutral zone.
0:11 of 1st period - Off-side.
0:12 of 1st period - Evander Kane wins face-off versus Sidney Crosby in neutral zone.
0:25 of 1st period - Shot by Evander Kane.
0:25 of 1st period - Shot Blocked by Mike Weber.
0:35 of 1st period - Shot by Derek Dorsett.
0:35 of 1st period - Stopped by Jason Bacashihua with a rebound.
1:33 of 1st period - Shot by Rick Nash.
1:33 of 1st period - Shot Misses the Net.
1:43 of 1st period - Shot by Michal Birner.
1:43 of 1st period - Shot Misses the Net.
2:19 of 1st period - Shot by Matt Read.
2:19 of 1st period - Stopped by Jason Bacashihua without a rebound.
2:20 of 1st period - Ryan Getzlaf wins face-off versus Damien Brunner in Blues zone.
2:20 of 1st period - Ryan Getzlaf is hit by Nick Bjugstad.
2:42 of 1st period - Doug Janik is hit by Ryan Getzlaf.
2:46 of 1st period - Shot by Ryan Getzlaf.
2:46 of 1st period - Shot Blocked by Damien Brunner.
2:48 of 1st period - Shot by Ryan Getzlaf.
2:48 of 1st period - Shot Misses the Net.
3:07 of 1st period - Icing by Trevor Daley.
3:08 of 1st period - Matt Read wins face-off versus Ryan Getzlaf in Blues zone.
3:51 of 1st period - Shot by Tomas Kopecky.
3:51 of 1st period - Stopped by Jason Bacashihua with a rebound.
4:10 of 1st period - Icing by Evander Kane.
4:11 of 1st period - Evander Kane wins face-off versus Sidney Crosby in Blue Jackets zone.
4:42 of 1st period - Shot by Corey Locke.
4:42 of 1st period - Goal by Corey Locke - Blue Jackets : 1 - Blues : 0.
4:43 of 1st period - Scott Sabourin wins face-off versus Frans Nielsen in neutral zone.
4:43 of 1st period - Scott Sabourin is hit by Frans Nielsen.
5:07 of 1st period - Trevor Daley is hit by Rick Nash and loses puck.
5:15 of 1st period - Minor Penalty to Jarome Iginla for Boarding.
5:16 of 1st period - Ryan Getzlaf wins face-off versus Tomas Kopecky in Blue Jackets zone.
5:39 of 1st period - Shot by Ryan Getzlaf.
5:39 of 1st period - Shot Hit the Post.
5:41 of 1st period - Shot by Martin Marincin.
5:41 of 1st period - Shot Blocked by Dennis Wideman.
5:43 of 1st period - Shot by Martin Marincin.
5:43 of 1st period - Stopped by Gerald Coleman without a rebound.
5:44 of 1st period - Tomas Kopecky wins face-off versus Sidney Crosby in Blue Jackets zone.
6:09 of 1st period - Shot by Trevor Daley.
6:09 of 1st period - Stopped by Gerald Coleman without a rebound.
6:10 of 1st period - Ryan Getzlaf wins face-off versus Tomas Kopecky in Blue Jackets zone.
6:25 of 1st period - Shot by Patric Hornqvist.
6:25 of 1st period - Stopped by Gerald Coleman with a rebound.
6:27 of 1st period - Shot by Ryan Getzlaf.
6:27 of 1st period - Stopped by Gerald Coleman without a rebound.
6:28 of 1st period - Rick Nash wins face-off versus Sidney Crosby in Blue Jackets zone.
6:43 of 1st period - Shot by Anders Lee.
6:43 of 1st period - Stopped by Gerald Coleman without a rebound.
6:44 of 1st period - Ryan Getzlaf wins face-off versus Rick Nash in Blue Jackets zone.
6:58 of 1st period - Icing by Martin Marincin.
6:59 of 1st period - Ryan Getzlaf wins face-off versus Tomas Kopecky in Blues zone.
7:11 of 1st period - Shot by Martin Erat.
7:11 of 1st period - Shot Misses the Net.
7:13 of 1st period - Shot by Mike Weber.
7:13 of 1st period - Stopped by Gerald Coleman without a rebound.
7:14 of 1st period - Rick Nash wins face-off versus Sidney Crosby in Blue Jackets zone.
7:34 of 1st period - Andre Benoit is hit by Oscar Klefbom and loses puck.
7:46 of 1st period - Icing by Trevor Daley.
7:47 of 1st period - Sidney Crosby wins face-off versus Matt Read in Blues zone.
7:47 of 1st period - Sidney Crosby is hit by Lukas Kaspar.
8:13 of 1st period - Minor Penalty to Trevor Daley for Holding.
8:14 of 1st period - Evander Kane wins face-off versus Patric Hornqvist in Blues zone.
8:47 of 1st period - Icing by Carlo Colaiacovo.
8:48 of 1st period - Frans Nielsen wins face-off versus Evander Kane in Blue Jackets zone.
8:56 of 1st period - Frans Nielsen is hit by Andre Benoit and loses puck.
9:17 of 1st period - Shot by Rick Nash.
9:17 of 1st period - Stopped by Jason Bacashihua without a rebound.
9:18 of 1st period - Rick Nash wins face-off versus Sidney Crosby in Blues zone.
9:58 of 1st period - Shot by Rick Nash.
9:58 of 1st period - Stopped by Jason Bacashihua without a rebound.
9:59 of 1st period - Matt D'Agostini wins face-off versus Derek Dorsett in Blues zone.
10:16 of 1st period - Minor Penalty to Doug Janik for Tripping.
10:17 of 1st period - Ryan Getzlaf wins face-off versus Jarome Iginla in Blue Jackets zone.
10:30 of 1st period - Jarome Iginla is hit by Ryan Getzlaf and loses puck.
10:35 of 1st period - Shot by Patric Hornqvist.
10:35 of 1st period - Goal by Patric Hornqvist - Blue Jackets : 1 - Blues : 1.
10:36 of 1st period - Sidney Crosby wins face-off versus Matt Read in neutral zone.
10:47 of 1st period - Shot by Lukas Kaspar.
10:47 of 1st period - Stopped by Jason Bacashihua without a rebound.
10:48 of 1st period - Frans Nielsen wins face-off versus Damien Brunner in Blues zone.
10:59 of 1st period - Damien Brunner is hit by Frans Nielsen and loses puck.
11:09 of 1st period - James Wisniewski is hit by Nate Guenin and loses puck.
11:51 of 1st period - Icing by Nate Guenin.
11:52 of 1st period - Frans Nielsen wins face-off versus Evander Kane in Blues zone.
11:52 of 1st period - Frans Nielsen is hit by Evander Kane.
12:33 of 1st period - Shot by Evander Kane.
12:33 of 1st period - Stopped by Jason Bacashihua with a rebound.
12:35 of 1st period - Shot by Doug Janik.
12:35 of 1st period - Shot Blocked by Ryan Getzlaf.
13:12 of 1st period - Rick Nash is hit by Mike Weber and loses puck.
13:59 of 1st period - Shot by Oliver Setzinger.
13:59 of 1st period - Goal by Oliver Setzinger - Blue Jackets : 1 - Blues : 2.
14:00 of 1st period - Damien Brunner wins face-off versus Jacob Josefson in neutral zone.
14:09 of 1st period - Shot by Alex Galchenyuk.
14:09 of 1st period - Stopped by Jason Bacashihua without a rebound.
14:10 of 1st period - Evander Kane wins face-off versus Frans Nielsen in Blues zone.
14:18 of 1st period - Icing by Trevor Daley.
14:19 of 1st period - Frans Nielsen wins face-off versus Evander Kane in Blues zone.
14:30 of 1st period - Shot by Michal Birner.
14:30 of 1st period - Stopped by Gerald Coleman with a rebound.
14:43 of 1st period - Trevor Daley is hit by Evander Kane and loses puck.
15:30 of 1st period - Shot by Andre Benoit.
15:30 of 1st period - Stopped by Jason Bacashihua without a rebound.
15:31 of 1st period - Ryan Getzlaf wins face-off versus Lukas Kaspar in Blues zone.
15:45 of 1st period - Shot by Tomas Kopecky.
15:45 of 1st period - Stopped by Jason Bacashihua without a rebound.
15:46 of 1st period - Chad LaRose wins face-off versus Scott Sabourin in Blues zone.
16:37 of 1st period - Shot by Ryan Getzlaf.
16:37 of 1st period - Stopped by Gerald Coleman with a rebound.
16:39 of 1st period - Shot by Oscar Klefbom.
16:39 of 1st period - Shot Misses the Net.
16:41 of 1st period - Shot by Ryan Getzlaf.
16:41 of 1st period - Stopped by Gerald Coleman without a rebound.
16:42 of 1st period - Evander Kane wins face-off versus Sidney Crosby in Blue Jackets zone.
16:42 of 1st period - Derek Dorsett is hit by Sidney Crosby and loses puck.
16:43 of 1st period - Minor Penalty to Oliver Setzinger for Roughing.
16:44 of 1st period - Sidney Crosby wins face-off versus Evander Kane in Blues zone.
17:52 of 1st period - Shot by Jarome Iginla.
17:52 of 1st period - Stopped by Jason Bacashihua without a rebound.
17:53 of 1st period - Lukas Kaspar wins face-off versus Frans Nielsen in Blues zone.
17:58 of 1st period - Shot by Jarome Iginla.
17:58 of 1st period - Stopped by Jason Bacashihua without a rebound.
17:59 of 1st period - Lukas Kaspar wins face-off versus Sidney Crosby in Blues zone.
18:22 of 1st period - Shot by Dennis Wideman.
18:22 of 1st period - Stopped by Jason Bacashihua with a rebound.
18:24 of 1st period - Shot by Lukas Kaspar.
18:24 of 1st period - Deflect By Jarome Iginla.
18:24 of 1st period - Stopped by Jason Bacashihua without a rebound.
18:25 of 1st period - Frans Nielsen wins face-off versus Evander Kane in Blues zone.
18:25 of 1st period - Frans Nielsen is hit by Derek Dorsett.
19:09 of 1st period - Icing by Mike Weber.
19:10 of 1st period - Evander Kane wins face-off versus Jacob Josefson in Blues zone.
19:41 of 1st period - Carlo Colaiacovo is hit by Anders Lee and loses puck.
Goals for this period are 1 for Blue Jackets vs 2 for Blues.
Shots for this period are 15 for Blue Jackets vs 11 for Blues.

2nd period


0:01 of 2nd period - Ryan Getzlaf wins face-off versus Scott Sabourin in neutral zone.
0:03 of 2nd period - Oscar Klefbom is hit by Dennis Wideman and loses puck.
0:09 of 2nd period - Martin Erat is hit by James Wisniewski and loses puck.
0:12 of 2nd period - Shot by Oscar Klefbom.
0:12 of 2nd period - Shot Misses the Net.
0:20 of 2nd period - Shot by Patric Hornqvist.
0:20 of 2nd period - Shot Misses the Net.
0:24 of 2nd period - Shot by Patric Hornqvist.
0:24 of 2nd period - Stopped by Gerald Coleman without a rebound.
0:25 of 2nd period - Evander Kane wins face-off versus Sidney Crosby in Blue Jackets zone.
0:25 of 2nd period - Evander Kane is hit by Oliver Setzinger.
0:47 of 2nd period - Shot by Tobias Rieder.
0:47 of 2nd period - Shot Misses the Net.
0:49 of 2nd period - Shot by Tobias Rieder.
0:49 of 2nd period - Shot Misses the Net.
0:51 of 2nd period - Shot by Martin Marincin.
0:51 of 2nd period - Stopped by Gerald Coleman without a rebound.
0:52 of 2nd period - Ryan Getzlaf wins face-off versus Matt Read in Blue Jackets zone.
0:55 of 2nd period - Shot by Ryan Getzlaf.
0:55 of 2nd period - Stopped by Gerald Coleman without a rebound.
0:56 of 2nd period - Ryan Getzlaf wins face-off versus Jarome Iginla in Blue Jackets zone.
1:11 of 2nd period - Off-side.
1:12 of 2nd period - Matt Read wins face-off versus Sidney Crosby in neutral zone.
1:26 of 2nd period - Shot by Tomas Kopecky.
1:26 of 2nd period - Shot Misses the Net.
1:28 of 2nd period - Shot by Lukas Kaspar.
1:28 of 2nd period - Shot Misses the Net.
1:30 of 2nd period - Shot by Tomas Kopecky.
1:30 of 2nd period - Stopped by Jason Bacashihua without a rebound.
1:31 of 2nd period - Patric Hornqvist wins face-off versus Scott Sabourin in Blues zone.
2:10 of 2nd period - Shot by Ryan Getzlaf.
2:10 of 2nd period - Stopped by Gerald Coleman without a rebound.
2:11 of 2nd period - Sidney Crosby wins face-off versus Evander Kane in Blue Jackets zone.
2:22 of 2nd period - Shot by Sidney Crosby.
2:22 of 2nd period - Deflect By Oliver Setzinger.
2:22 of 2nd period - Shot Misses the Net.
3:17 of 2nd period - Minor Penalty to Tomas Kopecky for Interference.
3:18 of 2nd period - Ryan Getzlaf wins face-off versus Jarome Iginla in Blue Jackets zone.
3:19 of 2nd period - Shot by Trevor Daley.
3:19 of 2nd period - Shot Misses the Net.
3:23 of 2nd period - Shot by Patric Hornqvist.
3:23 of 2nd period - Shot Blocked by Dennis Wideman.
3:25 of 2nd period - Shot by Ryan Getzlaf.
3:25 of 2nd period - Shot Misses the Net.
3:27 of 2nd period - Shot by Trevor Daley.
3:27 of 2nd period - Shot Misses the Net.
4:17 of 2nd period - Jarome Iginla is hit by Anders Lee and loses puck.
5:04 of 2nd period - Shot by Trevor Daley.
5:04 of 2nd period - Stopped by Gerald Coleman without a rebound.
5:05 of 2nd period - Anders Lee wins face-off versus Jarome Iginla in Blue Jackets zone.
5:10 of 2nd period - Shot by Trevor Daley.
5:10 of 2nd period - Shot Blocked by Jarome Iginla.
5:14 of 2nd period - Shot by Trevor Daley.
5:14 of 2nd period - Shot Misses the Net.
5:16 of 2nd period - Shot by Trevor Daley.
5:16 of 2nd period - Shot Blocked by Carlo Colaiacovo.
5:25 of 2nd period - Oscar Klefbom is hit by Nick Bjugstad and loses puck.
5:30 of 2nd period - Shot by Damien Brunner.
5:30 of 2nd period - Shot Blocked by Oscar Klefbom.
6:19 of 2nd period - Shot by Lukas Kaspar.
6:19 of 2nd period - Stopped by Jason Bacashihua with a rebound.
6:42 of 2nd period - Shot by Matt Read.
6:42 of 2nd period - Shot Misses the Net.
7:02 of 2nd period - Shot by Rick Nash.
7:02 of 2nd period - Stopped by Jason Bacashihua without a rebound.
7:03 of 2nd period - Derek Dorsett wins face-off versus Ryan Getzlaf in Blues zone.
7:25 of 2nd period - Off-side.
7:26 of 2nd period - Scott Sabourin wins face-off versus Sidney Crosby in neutral zone.
7:26 of 2nd period - Jarome Iginla is hit by Oliver Setzinger and loses puck.
7:36 of 2nd period - Shot by Sidney Crosby.
7:36 of 2nd period - Stopped by Gerald Coleman without a rebound.
7:37 of 2nd period - Ryan Getzlaf wins face-off versus Evander Kane in Blue Jackets zone.
7:48 of 2nd period - Shot by Ryan Getzlaf.
7:48 of 2nd period - Shot Misses the Net.
8:20 of 2nd period - Ryan Getzlaf is hit by Derek Dorsett and loses puck.
8:31 of 2nd period - Shot by Jarome Iginla.
8:31 of 2nd period - Shot Misses the Net.
8:57 of 2nd period - Shot by Jarome Iginla.
8:57 of 2nd period - Stopped by Jason Bacashihua without a rebound.
8:58 of 2nd period - Matt Read wins face-off versus Jacob Josefson in Blues zone.
9:01 of 2nd period - Shot by Lukas Kaspar.
9:01 of 2nd period - Shot Misses the Net.
9:04 of 2nd period - Minor Penalty to Matt Read for Hooking.
9:05 of 2nd period - Sidney Crosby wins face-off versus Jarome Iginla in Blue Jackets zone.
9:36 of 2nd period - Shot by Sidney Crosby.
9:36 of 2nd period - Stopped by Gerald Coleman without a rebound.
9:37 of 2nd period - Ryan Getzlaf wins face-off versus Jarome Iginla in Blue Jackets zone.
9:37 of 2nd period - Ryan Getzlaf is hit by Carlo Colaiacovo.
9:39 of 2nd period - Shot by Trevor Daley.
9:39 of 2nd period - Shot Misses the Net.
9:41 of 2nd period - Shot by Ryan Getzlaf.
9:41 of 2nd period - Shot Misses the Net.
9:57 of 2nd period - Shot by Trevor Daley.
9:57 of 2nd period - Shot Misses the Net.
9:59 of 2nd period - Shot by Patric Hornqvist.
9:59 of 2nd period - Stopped by Gerald Coleman without a rebound.
10:00 of 2nd period - Rick Nash wins face-off versus Sidney Crosby in Blue Jackets zone.
10:13 of 2nd period - Shot by Anders Lee.
10:13 of 2nd period - Shot Hit the Post.
11:33 of 2nd period - Shot by Tomas Kopecky.
11:33 of 2nd period - Stopped by Jason Bacashihua with a rebound.
12:23 of 2nd period - Shot by Damien Brunner.
12:23 of 2nd period - Stopped by Jason Bacashihua without a rebound.
12:24 of 2nd period - Scott Sabourin wins face-off versus Jacob Josefson in Blues zone.
13:11 of 2nd period - Icing by Michal Birner.
13:12 of 2nd period - Frans Nielsen wins face-off versus Evander Kane in Blues zone.
13:12 of 2nd period - Frans Nielsen is hit by Evander Kane.
13:15 of 2nd period - Matt D'Agostini is hit by Derek Dorsett and loses puck.
14:55 of 2nd period - Tobias Rieder beats up Damien Brunner.
14:55 of 2nd period - Penalty to Tobias Rieder for Fighting.
14:55 of 2nd period - Penalty to Damien Brunner for Fighting.
14:55 of 2nd period - Oliver Setzinger and Alex Galchenyuk fight to a draw.
14:55 of 2nd period - Penalty to Oliver Setzinger for Fighting.
14:55 of 2nd period - Penalty to Alex Galchenyuk for Fighting.
14:55 of 2nd period - Minor Penalty to Sidney Crosby for Roughing.
14:55 of 2nd period - Minor Penalty to Trevor Daley for High sticking.
14:55 of 2nd period - Minor Penalty to Andre Benoit for Roughing.
14:55 of 2nd period - Minor Penalty to Carlo Colaiacovo for Cross-checking.
14:55 of 2nd period - Minor Penalty to Oscar Klefbom for Tripping.
14:56 of 2nd period - Jarome Iginla wins face-off versus Matt D'Agostini in Blues zone.
15:03 of 2nd period - Shot by Jarome Iginla.
15:03 of 2nd period - Shot Misses the Net.
15:05 of 2nd period - Shot by Jarome Iginla.
15:05 of 2nd period - Stopped by Jason Bacashihua without a rebound.
15:06 of 2nd period - Jarome Iginla wins face-off versus Patric Hornqvist in Blues zone.
15:17 of 2nd period - Shot by Jarome Iginla.
15:17 of 2nd period - Shot Misses the Net.
15:31 of 2nd period - Shot by Jarome Iginla.
15:31 of 2nd period - Stopped by Jason Bacashihua without a rebound.
15:32 of 2nd period - Matt D'Agostini wins face-off versus Jarome Iginla in Blues zone.
15:45 of 2nd period - Shot by Lukas Kaspar.
15:45 of 2nd period - Shot Misses the Net.
15:51 of 2nd period - Shot by Lukas Kaspar.
15:51 of 2nd period - Shot Misses the Net.
15:53 of 2nd period - Shot by Doug Janik.
15:53 of 2nd period - Stopped by Jason Bacashihua without a rebound.
15:54 of 2nd period - Jarome Iginla wins face-off versus Matt D'Agostini in Blues zone.
16:46 of 2nd period - James Wisniewski is hit by Mike Weber and loses puck.
18:16 of 2nd period - Icing by Mike Weber.
18:17 of 2nd period - Frans Nielsen wins face-off versus Scott Sabourin in Blues zone.
18:42 of 2nd period - Shot by Rick Nash.
18:42 of 2nd period - Shot Misses the Net.
18:44 of 2nd period - Shot by Jarome Iginla.
18:44 of 2nd period - Deflect By Rick Nash.
18:44 of 2nd period - Stopped by Jason Bacashihua without a rebound.
18:45 of 2nd period - Sidney Crosby wins face-off versus Evander Kane in Blues zone.
18:49 of 2nd period - Off-side.
18:50 of 2nd period - Evander Kane wins face-off versus Sidney Crosby in neutral zone.
18:58 of 2nd period - Minor Penalty to Evander Kane for Roughing.
18:59 of 2nd period - Sidney Crosby wins face-off versus Lukas Kaspar in Blue Jackets zone.
19:04 of 2nd period - Shot by Sidney Crosby.
19:04 of 2nd period - Deflect By Martin Erat.
19:04 of 2nd period - Stopped by Gerald Coleman without a rebound.
19:05 of 2nd period - Ryan Getzlaf wins face-off versus Scott Sabourin in Blue Jackets zone.
19:44 of 2nd period - Minor Penalty to Rick Nash for Holding.
19:45 of 2nd period - Sidney Crosby wins face-off versus Jarome Iginla in Blue Jackets zone.
19:48 of 2nd period - Shot by Sidney Crosby.
19:48 of 2nd period - Shot Misses the Net.
Goals for this period are 0 for Blue Jackets vs 0 for Blues.
Shots for this period are 10 for Blue Jackets vs 9 for Blues.

3rd period


0:01 of 3rd period - Jarome Iginla wins face-off versus Ryan Getzlaf in neutral zone.
0:25 of 3rd period - Shot by Trevor Daley.
0:25 of 3rd period - Shot Blocked by Dennis Wideman.
1:05 of 3rd period - Jarome Iginla is hit by Sidney Crosby and loses puck.
2:56 of 3rd period - Shot by Jacob Josefson.
2:56 of 3rd period - Deflect By Anders Lee.
2:56 of 3rd period - Stopped by Gerald Coleman with a rebound.
2:58 of 3rd period - Shot by Chad LaRose.
2:58 of 3rd period - Shot Misses the Net.
3:00 of 3rd period - Shot by Anders Lee.
3:00 of 3rd period - Shot Hit the Post.
3:22 of 3rd period - Shot by Patric Hornqvist.
3:22 of 3rd period - Goal by Patric Hornqvist - Blue Jackets : 1 - Blues : 3.
3:23 of 3rd period - Frans Nielsen wins face-off versus Scott Sabourin in neutral zone.
3:26 of 3rd period - Jarome Iginla is hit by Matt D'Agostini and loses puck.
3:49 of 3rd period - Shot by Michal Birner.
3:49 of 3rd period - Shot Misses the Net.
3:51 of 3rd period - Shot by Keith Yandle.
3:51 of 3rd period - Shot Misses the Net.
3:53 of 3rd period - Shot by Nate Guenin.
3:53 of 3rd period - Shot Blocked by Jarome Iginla.
4:24 of 3rd period - Tomas Kopecky is hit by Ryan Getzlaf and loses puck.
4:34 of 3rd period - Icing by Matt Read.
4:35 of 3rd period - Tobias Rieder wins face-off versus Matt Read in Blue Jackets zone.
4:36 of 3rd period - Shot by Sidney Crosby.
4:36 of 3rd period - Shot Misses the Net.
4:38 of 3rd period - Shot by Tobias Rieder.
4:38 of 3rd period - Shot Misses the Net.
4:40 of 3rd period - Shot by Martin Marincin.
4:40 of 3rd period - Stopped by Gerald Coleman without a rebound.
4:41 of 3rd period - Evander Kane wins face-off versus Sidney Crosby in Blue Jackets zone.
4:41 of 3rd period - Evander Kane is hit by Oliver Setzinger.
4:59 of 3rd period - Shot by Sidney Crosby.
4:59 of 3rd period - Stopped by Gerald Coleman without a rebound.
5:00 of 3rd period - Martin Erat wins face-off versus Lukas Kaspar in Blue Jackets zone.
5:26 of 3rd period - Shot by Martin Erat.
5:26 of 3rd period - Stopped by Gerald Coleman without a rebound.
5:27 of 3rd period - Sidney Crosby wins face-off versus Evander Kane in Blue Jackets zone.
5:32 of 3rd period - Shot by Sidney Crosby.
5:32 of 3rd period - Stopped by Gerald Coleman without a rebound.
5:33 of 3rd period - Sidney Crosby wins face-off versus Scott Sabourin in Blue Jackets zone.
5:33 of 3rd period - Oliver Setzinger is hit by James Wisniewski and loses puck.
6:06 of 3rd period - Tobias Rieder is hit by James Wisniewski.
6:47 of 3rd period - Minor Penalty to Carlo Colaiacovo for Goalie Interference.
6:48 of 3rd period - Sidney Crosby wins face-off versus Jarome Iginla in Blue Jackets zone.
7:01 of 3rd period - Shot by Matt D'Agostini.
7:01 of 3rd period - Shot Blocked by Andre Benoit.
7:03 of 3rd period - Shot by Trevor Daley.
7:03 of 3rd period - Shot Blocked by Doug Janik.
7:05 of 3rd period - Shot by Trevor Daley.
7:05 of 3rd period - Shot Misses the Net.
7:07 of 3rd period - Shot by Matt D'Agostini.
7:07 of 3rd period - Deflect By Sidney Crosby.
7:07 of 3rd period - Shot Misses the Net.
7:13 of 3rd period - Shot by Sidney Crosby.
7:13 of 3rd period - Stopped by Gerald Coleman without a rebound.
7:14 of 3rd period - Rick Nash wins face-off versus Ryan Getzlaf in Blue Jackets zone.
7:36 of 3rd period - Icing by Mike Weber.
7:37 of 3rd period - Rick Nash wins face-off versus Ryan Getzlaf in Blues zone.
8:34 of 3rd period - Shot by Sidney Crosby.
8:34 of 3rd period - Stopped by Gerald Coleman without a rebound.
8:35 of 3rd period - Jarome Iginla wins face-off versus Sidney Crosby in Blue Jackets zone.
8:48 of 3rd period - Shot by Anders Lee.
8:48 of 3rd period - Stopped by Gerald Coleman without a rebound.
8:49 of 3rd period - Sidney Crosby wins face-off versus Matt Read in Blue Jackets zone.
8:59 of 3rd period - Icing by James Wisniewski.
9:00 of 3rd period - Michal Birner wins face-off versus Matt Read in Blue Jackets zone.
9:05 of 3rd period - Shot by Frans Nielsen.
9:05 of 3rd period - Stopped by Gerald Coleman without a rebound.
9:06 of 3rd period - Ryan Getzlaf wins face-off versus Scott Sabourin in Blue Jackets zone.
9:13 of 3rd period - Shot by Martin Erat.
9:13 of 3rd period - Stopped by Gerald Coleman without a rebound.
9:14 of 3rd period - Ryan Getzlaf wins face-off versus Scott Sabourin in Blue Jackets zone.
9:21 of 3rd period - Shot by Martin Erat.
9:21 of 3rd period - Shot Misses the Net.
9:29 of 3rd period - Shot by Jarome Iginla.
9:29 of 3rd period - Shot Misses the Net.
9:37 of 3rd period - Shot by Rick Nash.
9:37 of 3rd period - Shot Blocked by Trevor Daley.
9:39 of 3rd period - Shot by Rick Nash.
9:39 of 3rd period - Stopped by Jason Bacashihua without a rebound.
9:40 of 3rd period - Sidney Crosby wins face-off versus Evander Kane in Blues zone.
9:40 of 3rd period - Sidney Crosby is hit by Corey Locke.
9:45 of 3rd period - Tobias Rieder is hit by Carlo Colaiacovo and loses puck.
9:54 of 3rd period - Shot by Oliver Setzinger.
9:54 of 3rd period - Shot Misses the Net.
9:56 of 3rd period - Shot by Sidney Crosby.
9:56 of 3rd period - Deflect By Oliver Setzinger.
9:56 of 3rd period - Stopped by Gerald Coleman without a rebound.
9:57 of 3rd period - Matt Read wins face-off versus Patric Hornqvist in Blue Jackets zone.
10:12 of 3rd period - Icing by Keith Yandle.
10:13 of 3rd period - Ryan Getzlaf wins face-off versus Scott Sabourin in Blues zone.
10:19 of 3rd period - Ryan Getzlaf is hit by Andre Benoit and loses puck.
10:46 of 3rd period - Off-side.
10:47 of 3rd period - Sidney Crosby wins face-off versus Evander Kane in neutral zone.
11:00 of 3rd period - Shot by Oliver Setzinger.
11:00 of 3rd period - Shot Misses the Net.
11:02 of 3rd period - Shot by Sidney Crosby.
11:02 of 3rd period - Goal by Sidney Crosby - Blue Jackets : 1 - Blues : 4.
11:03 of 3rd period - Matt Read wins face-off versus Frans Nielsen in neutral zone.
11:24 of 3rd period - Tomas Kopecky is hit by Frans Nielsen.
12:09 of 3rd period - Shot by Rick Nash.
12:09 of 3rd period - Stopped by Jason Bacashihua without a rebound.
12:10 of 3rd period - Sidney Crosby wins face-off versus Evander Kane in Blues zone.
12:10 of 3rd period - Keith Yandle is hit by Evander Kane.
12:16 of 3rd period - Shot by Evander Kane.
12:16 of 3rd period - Stopped by Jason Bacashihua without a rebound.
12:17 of 3rd period - Sidney Crosby wins face-off versus Scott Sabourin in Blues zone.
12:24 of 3rd period - Shot by Tobias Rieder.
12:24 of 3rd period - Shot Misses the Net.
12:36 of 3rd period - Shot by Mike Weber.
12:36 of 3rd period - Shot Misses the Net.
12:51 of 3rd period - Icing by Mike Weber.
12:52 of 3rd period - Evander Kane wins face-off versus Sidney Crosby in Blues zone.
13:31 of 3rd period - Shot by Evander Kane.
13:31 of 3rd period - Shot Misses the Net.
14:01 of 3rd period - Shot by Martin Erat.
14:01 of 3rd period - Shot Blocked by James Wisniewski.
15:39 of 3rd period - Shot by Jake Gardiner.
15:39 of 3rd period - Stopped by Jason Bacashihua without a rebound.
15:40 of 3rd period - Jacob Josefson wins face-off versus Derek Dorsett in Blues zone.
15:47 of 3rd period - Shot by Derek Dorsett.
15:47 of 3rd period - Goal by Derek Dorsett - Blue Jackets : 2 - Blues : 4.
15:48 of 3rd period - Ryan Getzlaf wins face-off versus Corey Locke in neutral zone.
15:55 of 3rd period - Shot by Ryan Getzlaf.
15:55 of 3rd period - Stopped by Gerald Coleman without a rebound.
15:56 of 3rd period - Ryan Getzlaf wins face-off versus Scott Sabourin in Blue Jackets zone.
15:56 of 3rd period - Oscar Klefbom is hit by Andre Benoit and loses puck.
17:47 of 3rd period - Shot by Nick Bjugstad.
17:47 of 3rd period - Stopped by Jason Bacashihua without a rebound.
17:48 of 3rd period - Frans Nielsen wins face-off versus Matt Read in Blues zone.
18:19 of 3rd period - Shot by Tomas Kopecky.
18:19 of 3rd period - Shot Blocked by Michal Birner.
19:21 of 3rd period - Shot by Ryan Getzlaf.
19:21 of 3rd period - Deflect By Patric Hornqvist.
19:21 of 3rd period - Stopped by Gerald Coleman without a rebound.
19:22 of 3rd period - Sidney Crosby wins face-off versus Evander Kane in Blue Jackets zone.
19:22 of 3rd period - Oliver Setzinger is hit by Doug Janik and loses puck.
19:41 of 3rd period - Jake Gardiner is hit by Oliver Setzinger and loses puck.
19:52 of 3rd period - Shot by Sidney Crosby.
19:52 of 3rd period - Stopped by Gerald Coleman without a rebound.
19:53 of 3rd period - Ryan Getzlaf wins face-off versus Damien Brunner in Blue Jackets zone.
19:54 of 3rd period - Shot by Trevor Daley.
19:54 of 3rd period - Stopped by Gerald Coleman without a rebound.
19:55 of 3rd period - Ryan Getzlaf wins face-off versus Tomas Kopecky in Blue Jackets zone.
19:56 of 3rd period - Shot by Patric Hornqvist.
19:56 of 3rd period - Shot Misses the Net.
Goals for this period are 1 for Blue Jackets vs 2 for Blues.
Shots for this period are 6 for Blue Jackets vs 17 for Blues.